[Event "Titled Tuesday Blitz April 11 Late 2023"]
[White "Kaplan, Avi Harrison"]
[Black "Kohler, Aran"]
[WhiteFideId "30934559"]
[BlackFideId "1002856"]
[WhiteElo "1983"]
[BlackElo "2010"]
[Result "1-0"]
[Round "07"]
[TimeControl "180+2"]
[Date "2023.04.11"]
[WhiteClock "0:00:34"]
[BlackClock "0:00:13"]

1. h3 d5 2. a3 c5 3. b4 e5 4. bxc5 Bxc5 5. e3 Nf6 6. d4 exd4 7. exd4 Bd6 8. Nf3 O-O 9. Be2 Re8 10. O-O Bf5 11. Re1 Nc6 12. c3 Ne4 13. Be3 Rc8 14. Nfd2 Qd7 15. Nxe4 Bxe4 16. Nd2 Bg6 17. Nf3 h6 18. Bd3 Be4 19. Bxe4 Rxe4 20. Rb1 Rce8 21. Qb3 b6 22. Kf1 Bc7 23. Bd2 Rxe1+ 24. Rxe1 Rxe1+ 25. Nxe1 Na5 26. Qd1 Nc4 27. Bc1 Qd6 28. Nf3 Nxa3 29. Qa4 Nc4 30. Qxa7 Kh7 31. g3 Qc6 32. Kg2 f6 33. Qa1 Qe6 34. Qb1+ Qe4 35. Qxe4+ dxe4 36. Nd2 Nxd2 37. Bxd2 f5 38. c4 Kg6 39. Bf4 Bxf4 40. gxf4 Kf6 41. f3 exf3+ 42. Kxf3 Ke6 43. h4 g6 44. Ke3 Kd6 45. Kd3 Kc6 46. Kc3 b5 47. c5 Kd5 48. Kb4 g5 49. hxg5 hxg5 50. fxg5 f4 51. g6 f3 52. g7 f2 53. g8=Q+ Kxd4 54. Qg2 1-0


[Site "https://www.chess.com"]

[Event "Titled Tuesday Blitz April 11 Late 2023"]
[White "Kopacz, Grzegorz"]
[Black "Fernandez, Maria Florencia"]
[WhiteFideId "1109880"]
[BlackFideId "116459"]
[WhiteElo "2037"]
[BlackElo "2120"]
[Result "0-1"]
[Round "07"]
[TimeControl "180+2"]
[Date "2023.04.11"]
[WhiteClock "0:00:02"]
[BlackClock "0:00:03"]

1. c4 Nf6 2. Nf3 g6 3. g3 Bg7 4. Bg2 O-O 5. O-O d6 6. d4 e5 7. Nc3 Nc6 8. dxe5 dxe5 9. Bg5 Be6 10. Nd5 Bxd5 11. cxd5 Qxd5 12. Qxd5 Nxd5 13. Nxe5 Nxe5 14. Bxd5 c6 15. Bg2 Nc4 16. Rad1 h6 17. Bc1 Rfd8 18. b3 Nb6 19. Be3 Kf8 20. Bc5+ Ke8 21. e3 Nd5 22. Bxd5 cxd5 23. Rd3 b6 24. Bd4 Bxd4 25. Rxd4 Ke7 26. Rfd1 Rac8 27. Rxd5 Rxd5 28. Rxd5 Rc2 29. a4 Rb2 30. Rb5 Kd6 31. h4 Kc6 32. Kg2 h5 33. Kf3 a6 34. Rb4 Kc5 35. Rc4+ Kd5 36. Rf4 Rxb3 37. Rxf7 Rb4 38. Rb7 Kc6 39. Rg7 Rxa4 40. Rxg6+ Kc7 41. e4 b5 42. Ke3 b4 43. Kd3 a5 44. e5 Ra1 45. Rg7+ Kc6 46. Ra7 Kd5 47. f4 Ra3+ 48. Kc2 a4 49. e6 b3+ 50. Kb2 Ra2+ 51. Kc3 Kxe6 52. Ra5 Rc2+ 53. Kd3 Ra2 54. Kc3 Ra1 55. Rxh5 Ra2 56. Ra5 Rc2+ 57. Kd3 Ra2 58. Kc3 Kd6 59. h5 Kc6 60. h6 Kb6 61. Ra8 Rh2 0-1


[Site "https://www.chess.com"]

[Event "Titled Tuesday Blitz April 11 Late 2023"]
[White "Gerbelli Neto, Eduardo"]
[Black "Bueno, Alfeu Junior Varela"]
[WhiteFideId "2103281"]
[BlackFideId "2108879"]
[WhiteElo "2178"]
[BlackElo "2175"]
[Result "0-1"]
[Round "07"]
[TimeControl "180+2"]
[Date "2023.04.11"]
[WhiteClock "0:00:53"]
[BlackClock "0:01:00"]

1. e4 e6 2. d4 d5 3. Nc3 Nf6 4. e5 Nfd7 5. Nf3 c5 6. dxc5 Nc6 7. Bf4 Bxc5 8. Bd3 h6 9. h4 a6 10. h5 Qb6 11. O-O Qxb2 12. Na4 Qa3 13. Nxc5 Nxc5 14. Be2 Bd7 15. Rb1 b5 16. Nd4 Ne4 17. Rb3 Qc5 18. Nxc6 Bxc6 19. Be3 Qe7 20. Bd4 O-O 21. f3 Ng3 22. Rf2 Qh4 23. Rf1 Qh1+ 24. Kf2 Nxf1 25. Bxf1 Qxh5 26. Be2 Rfb8 27. Kg1 a5 28. f4 Qh4 29. Qd2 b4 30. Rh3 Qe7 31. f5 exf5 32. Qxh6 gxh6 0-1


[Site "https://www.chess.com"]

[Event "Titled Tuesday Blitz April 11 Late 2023"]
[White "Romero Ruscalleda, Josep"]
[Black "Spitzl, Vinzent"]
[WhiteFideId "2231859"]
[BlackFideId "12901253"]
[WhiteElo "2183"]
[BlackElo "2225"]
[Result "0-1"]
[Round "07"]
[TimeControl "180+2"]
[Date "2023.04.11"]
[WhiteClock "0:01:34"]
[BlackClock "0:01:33"]

1. e4 c5 2. c3 d5 3. exd5 Qxd5 4. Nf3 Nf6 5. Na3 Bg4 6. Be2 e6 7. O-O Be7 8. Nb5 Qd8 9. d4 a6 10. Qa4 Nc6 11. Na3 cxd4 12. Nxd4 Bxe2 13. Nxe2 O-O 14. Bf4 b5 15. Qc2 Qb6 16. Be3 Qb7 17. Rad1 Bxa3 18. bxa3 Nd5 19. Bc1 Na5 20. a4 Rac8 21. axb5 axb5 22. Bd2 Nc4 23. Rb1 Qa6 24. Qb2 Nxb2 0-1


[Site "https://www.chess.com"]

[Event "Titled Tuesday Blitz April 11 Late 2023"]
[White "Torrente, Alejandro Josue"]
[Black "Sarkar, Justin"]
[WhiteFideId "4437969"]
[BlackFideId "2010011"]
[WhiteElo "2025"]
[BlackElo "2189"]
[Result "0-1"]
[Round "07"]
[TimeControl "180+2"]
[Date "2023.04.11"]
[WhiteClock "0:00:45"]
[BlackClock "0:00:02"]

1. e4 e5 2. Nf3 Nc6 3. Bc4 Nf6 4. d3 Bc5 5. c3 d6 6. Bb3 a6 7. Nbd2 Ba7 8. Nf1 O-O 9. Ng3 Be6 10. Bc2 d5 11. Qe2 d4 12. O-O h6 13. Nh4 Kh7 14. Nhf5 Ng8 15. Qf3 g6 16. h4 gxf5 17. exf5 Bd5 18. Qh5 Qf6 19. c4 Nb4 20. cxd5 Nxc2 21. Ne4 Qg7 22. f6 Qg6 23. Qxe5 Nxa1 24. h5 Qg4 25. f3 Qd7 26. Ng5+ Kh8 27. Qe4 Nxf6 28. Qe5 Qd6 29. Qf5 hxg5 30. Bxg5 Nh7 31. Bf4 Qe7 32. h6 f6 33. Rxa1 Rae8 34. Qg6 Qf7 35. Qf5 Rg8 36. Rc1 Qg6 37. Qh3 Re2 38. g4 f5 39. g5 Re7 40. Kh1 Nxg5 41. Qh2 Nxf3 42. Qf2 Qh5+ 43. Bh2 Nxh2 44. Qxh2 Qf3+ 45. Qg2 Qxg2# 0-1


[Site "https://www.chess.com"]

[Event "Titled Tuesday Blitz April 11 Late 2023"]
[White "Harriott, Tyrell"]
[Black "Prieto Aranguren, Alain"]
[WhiteFideId "2086484"]
[BlackFideId "2268906"]
[WhiteElo "2107"]
[BlackElo "2209"]
[Result "0-1"]
[Round "07"]
[TimeControl "180+2"]
[Date "2023.04.11"]
[WhiteClock "0:00:18"]
[BlackClock "0:00:21"]

1. d4 d5 2. e3 e6 3. Bd3 Nf6 4. f4 c5 5. c3 Nc6 6. Nf3 Bd6 7. O-O b6 8. Ne5 Qc7 9. Nd2 O-O 10. Qf3 Bb7 11. g4 Ne7 12. g5 Ne4 13. Nxe4 dxe4 14. Bxe4 Bxe4 15. Qxe4 Nf5 16. Bd2 Rac8 17. Rad1 cxd4 18. exd4 Bxe5 19. fxe5 Qc6 20. Qg4 Qd5 21. Rxf5 exf5 22. Qxf5 Qxa2 23. Bc1 Qe6 24. Qf3 Qg6 25. h4 Rfe8 26. h5 Qc2 27. Rf1 Re7 28. d5 Qb3 29. Qf5 Rce8 30. g6 Qxd5 31. gxh7+ Kh8 32. h6 Qxe5 33. Qxe5 Rxe5 34. Rxf7 Re1+ 35. Rf1 Rxf1+ 36. Kxf1 g6 37. Kf2 Kxh7 38. Bd2 Re5 39. b4 g5 40. Kf3 Kxh6 41. c4 Kh5 42. Bc3 Rf5+ 43. Ke4 Rf4+ 44. Kd5 g4 45. c5 bxc5 46. bxc5 g3 47. c6 g2 48. c7 Rf8 49. Bd4 a5 50. Bc5 Rc8 51. Kc6 Rxc7+ 52. Kxc7 a4 53. Kd6 a3 54. Ke5 a2 55. Bd4 a1=Q 56. Bxa1 g1=Q 57. Bd4 Qe1+ 58. Kd5 Kg5 59. Bc5 Kf5 60. Kc6 Qc3 61. Kd5 Qd3+ 62. Kc6 Ke6 63. Bb4 Qc4+ 64. Bc5 Ke5 65. Kb6 Kd5 66. Be7 Qb3+ 67. Kc7 Ke6 68. Bc5 Qc4 69. Kb6 Kd5 70. Be7 Qc6+ 71. Ka5 Qa8+ 72. Kb5 Qb7+ 73. Ka5 Qxe7 74. Ka4 Kc5 75. Kb3 Qe4 76. Kc3 Qe3+ 77. Kb2 Kc4 78. Ka2 Qe2+ 79. Ka3 Qd3+ 80. Ka2 Qc2+ 81. Ka1 Qd2 82. Kb1 Kb3 0-1


[Site "https://www.chess.com"]

[Event "Titled Tuesday Blitz April 11 Late 2023"]
[White "Carrasco Miranda, Andres"]
[Black "Sariego Figueredo, Wilfredo"]
[WhiteFideId "3405990"]
[BlackFideId "3500080"]
[WhiteElo "2183"]
[BlackElo "2309"]
[Result "1-0"]
[Round "07"]
[TimeControl "180+2"]
[Date "2023.04.11"]
[WhiteClock "0:00:49"]
[BlackClock "0:00:08"]

1. d4 d5 2. c4 c6 3. Nf3 Nf6 4. Qb3 dxc4 5. Qxc4 e6 6. Bg5 Be7 7. Nc3 O-O 8. e3 Nd5 9. h4 h6 10. Bxe7 Qxe7 11. g4 Nd7 12. g5 h5 13. e4 Nf4 14. e5 Nb6 15. Qb3 Bd7 16. Ne4 Rfd8 17. Qe3 Nbd5 18. Qd2 b6 19. Rc1 Qb4 20. a3 Qa4 21. Bc4 Ng2+ 22. Kf1 Ngf4 23. Bxd5 Nxd5 24. Nf6+ Kf8 25. Nxd5 cxd5 26. g6 Bb5+ 27. Kg2 fxg6 28. Ng5 Bd7 29. Rc7 Qb5 30. Qf4+ Kg8 31. Qf7+ Kh8 32. Qxg6 Kg8 33. Qf7+ Kh8 34. Qxh5+ Kg8 35. Qf7+ Kh8 36. Nxe6 1-0


[Site "https://www.chess.com"]

[Event "Titled Tuesday Blitz April 11 Late 2023"]
[White "Perez Rodriguez, Jennifer"]
[Black "Steenbekkers, Franck"]
[WhiteFideId "3507831"]
[BlackFideId "1004220"]
[WhiteElo "2116"]
[BlackElo "2164"]
[Result "1-0"]
[Round "07"]
[TimeControl "180+2"]
[Date "2023.04.11"]
[WhiteClock "0:01:11"]
[BlackClock "0:00:53"]

1. e4 c5 2. c3 Nf6 3. e5 Nd5 4. Nf3 d6 5. exd6 Qxd6 6. d4 cxd4 7. Nxd4 e6 8. Be2 Be7 9. Nb5 Qd8 10. c4 Nb4 11. Bf4 N8a6 12. N1c3 O-O 13. O-O Bd7 14. a3 Nc6 15. b4 e5 16. Bg3 Bf5 17. Qxd8 Rfxd8 18. Rfd1 Bf6 19. Nd5 Bg5 20. Bf3 h5 21. Bxh5 Nab8 22. Nbc7 1-0


[Site "https://www.chess.com"]

[Event "Titled Tuesday Blitz April 11 Late 2023"]
[White "Torres Dominguez, David"]
[Black "Seletsky, Grigory"]
[WhiteFideId "2220857"]
[BlackFideId "14112191"]
[WhiteElo "1999"]
[BlackElo "2490"]
[Result "0-1"]
[Round "07"]
[TimeControl "180+2"]
[Date "2023.04.11"]
[WhiteClock "0:00:02"]
[BlackClock "0:00:43"]

1. e4 c5 2. Nc3 Nc6 3. Bb5 Nd4 4. Bc4 g6 5. Nf3 Bg7 6. Nxd4 cxd4 7. Qf3 e6 8. Nb5 d6 9. Qa3 Ke7 10. c3 dxc3 11. dxc3 a6 12. Nd4 Qc7 13. Qb3 b5 14. Bd3 Bb7 15. O-O Nf6 16. Bg5 h6 17. Bh4 g5 18. Bg3 Nxe4 19. Bxe4 Bxe4 20. Rfe1 Bxd4 21. Rxe4 Bc5 22. Rae1 Qd7 23. Qd1 d5 24. Re5 Rad8 25. b4 Bb6 26. Qh5 Bc7 27. Rf5 Rdf8 28. Bxc7 Qxc7 29. Rxd5 Qxc3 30. Rde5 Rd8 31. Qg4 Rd6 32. Qe4 Rhd8 33. Qb7+ R8d7 34. Qb8 Qxe5 0-1


[Site "https://www.chess.com"]

[Event "Titled Tuesday Blitz April 11 Late 2023"]
[White "Minko, Dmitry"]
[Black "Rian, Kapriaga"]
[WhiteFideId "24188468"]
[BlackFideId "7103263"]
[WhiteElo "2147"]
[BlackElo "2089"]
[Result "1-0"]
[Round "07"]
[TimeControl "180+2"]
[Date "2023.04.11"]
[WhiteClock "0:00:06"]
[BlackClock "0:00:02"]

1. e4 c6 2. Nc3 d5 3. Nf3 dxe4 4. Nxe4 Nf6 5. Nxf6+ exf6 6. d4 Bd6 7. Bd3 O-O 8. O-O Nd7 9. c3 Re8 10. Qc2 Nf8 11. h3 Be6 12. Bf5 Qd7 13. Bxe6 fxe6 14. Be3 Ng6 15. Rad1 Rad8 16. Nd2 a6 17. Rfe1 Qc7 18. Nc4 b5 19. Nxd6 Qxd6 20. Qe4 Qd5 21. Qb1 a5 22. f3 a4 23. b3 axb3 24. axb3 e5 25. dxe5 Qxe5 26. Rxd8 Rxd8 27. Bb6 Qg3 28. Bxd8 Nf4 29. Re8+ Kf7 30. Re7+ Kf8 31. Qc2 Nxh3+ 32. Kf1 Qh2 33. Ke1 Qg3+ 34. Kd1 Qh2 35. Qe2 Qd6+ 36. Qd2 Qh2 37. Kc2 Nf4 38. Re4 Nd5 39. Bb6 Nxb6 40. Qd8+ Kf7 41. Qe8# 1-0


[Site "https://www.chess.com"]

[Event "Titled Tuesday Blitz April 11 Late 2023"]
[White "Chemin, Justo Reinaldo"]
[Black "Garcia Cuenca, Victor"]
[WhiteFideId "2101580"]
[BlackFideId "2250829"]
[WhiteElo "1940"]
[BlackElo "2329"]
[Result "0-1"]
[Round "07"]
[TimeControl "180+2"]
[Date "2023.04.11"]
[WhiteClock "0:00:16"]
[BlackClock "0:00:57"]

1. e4 c6 2. d4 d5 3. Nc3 dxe4 4. Nxe4 Nd7 5. Nf3 Ngf6 6. Bd3 Nxe4 7. Bxe4 Nf6 8. Bd3 Bg4 9. c3 e6 10. O-O Be7 11. Re1 O-O 12. h3 Bh5 13. g4 Bg6 14. Bxg6 hxg6 15. Qe2 Qc7 16. Ne5 Nd5 17. f4 Bh4 18. Rf1 Bf6 19. f5 exf5 20. gxf5 Bxe5 21. dxe5 Rae8 22. fxg6 Rxe5 23. Qg4 fxg6 24. Rxf8+ Kxf8 25. Bd2 Kf7 26. Rf1+ Nf6 27. Bf4 Qb6+ 28. Kg2 Qxb2+ 29. Kh1 Nxg4 30. Bxe5+ Nf2+ 31. Kg2 Ke6 32. Rxf2 Qxf2+ 33. Kxf2 Kxe5 34. Ke3 b5 35. h4 c5 36. a3 a5 37. Kf3 b4 38. cxb4 cxb4 39. axb4 a4 0-1


[Site "https://www.chess.com"]

[Event "Titled Tuesday Blitz April 11 Late 2023"]
[White "Winkels, Marcel"]
[Black "Cigan, Jason"]
[WhiteFideId "1003887"]
[BlackFideId "2064022"]
[WhiteElo "1900"]
[BlackElo "2000"]
[Result "1-0"]
[Round "07"]
[TimeControl "180+2"]
[Date "2023.04.11"]
[WhiteClock "0:00:42"]
[BlackClock "0:01:10"]

1. d4 Nf6 2. Nc3 d5 3. Bf4 e6 4. Nb5 Bb4+ 5. c3 Ba5 6. a4 a6 7. b4 axb5 8. axb5 Ne4 9. bxa5 Nxc3 10. Qb3 Ne4 11. e3 O-O 12. Nf3 c5 13. Bxb8 Rxb8 14. dxc5 Nxc5 15. Qa3 Ne4 16. Bd3 Bd7 17. O-O Qf6 18. a6 Ra8 19. Rfc1 bxa6 20. bxa6 Rfc8 21. Bxe4 dxe4 22. Nd4 h6 23. Rxc8+ Bxc8 24. a7 Qe7 25. Qxe7 1-0


[Site "https://www.chess.com"]

[Event "Titled Tuesday Blitz April 11 Late 2023"]
[White "Sailer, Mike"]
[Black "Bulgurlu, Okan"]
[WhiteFideId "2012901"]
[BlackFideId "6352316"]
[WhiteElo "2109"]
[BlackElo "1908"]
[Result "1-0"]
[Round "07"]
[TimeControl "180+2"]
[Date "2023.04.11"]
[WhiteClock "0:00:05"]
[BlackClock "0:00:12"]

1. d4 d5 2. Bg5 h6 3. Bh4 c5 4. dxc5 g5 5. Bg3 Bg7 6. c3 e5 7. Nd2 Nc6 8. e4 Be6 9. Bb5 Rc8 10. Qa4 a6 11. Bxc6+ Rxc6 12. b4 Ne7 13. Ne2 O-O 14. O-O dxe4 15. Nxe4 f5 16. Nd6 f4 17. Nxb7 Qd7 18. Na5 Rc7 19. Qxd7 Bxd7 20. Rfd1 fxg3 21. Nxg3 Ba4 22. Rd6 Nf5 23. Nxf5 Rxf5 24. Rxa6 Rcf7 25. Nb7 Rxf2 26. Nd6 Bc2 27. Nxf7 Rxf7 28. Rf1 Rxf1+ 29. Kxf1 Bd3+ 30. Kf2 Bxa6 31. a4 Bf8 32. Ke3 Kf7 33. Ke4 Ke6 34. b5 Bxc5 35. bxa6 h5 36. h3 Bf2 37. g4 h4 38. Kf3 Ba7 39. Ke4 Bb6 40. c4 Bc5 41. Kd3 Ba7 42. Ke4 Bb6 43. Kd3 Kd6 44. Ke4 Ba7 45. Kf5 Be3 46. a7 Bxa7 47. Kxg5 e4 48. Kf4 e3 49. Kf3 Ke5 50. a5 Bc5 51. a6 Ba7 52. Ke2 Kf4 53. Ke1 Kf3 54. g5 Kg3 55. g6 Kf3 56. g7 Bd4 57. g8=Q Bc3+ 58. Kd1 e2+ 59. Kc2 e1=Q 60. Qf7+ Kg2 61. Qg6+ Kh2 62. Qd6+ Be5 63. Qd2+ Qxd2+ 64. Kxd2 Bd4 65. Ke2 Kxh3 66. Kf3 Kh2 67. Ke4 h3 68. Kxd4 Kg1 69. a7 h2 70. a8=Q h1=Q 71. Qxh1+ Kxh1 72. c5 Kg2 73. c6 Kf3 74. c7 Kg4 75. c8=Q+ Kg3 76. Qc6 Kf4 77. Qe6 Kf3 78. Qe5 1-0


[Site "https://www.chess.com"]

[Event "Titled Tuesday Blitz April 11 Late 2023"]
[White "Kostiukov, Alexandr"]
[Black "Michalski, Olaf"]
[WhiteFideId "14108100"]
[BlackFideId "1106740"]
[WhiteElo "2202"]
[BlackElo "2173"]
[Result "1-0"]
[Round "07"]
[TimeControl "180+2"]
[Date "2023.04.11"]
[WhiteClock "0:01:07"]
[BlackClock "0:00:05"]

1. g3 d6 2. Bg2 e5 3. c4 f5 4. Nc3 Nf6 5. e3 Be7 6. Nge2 O-O 7. O-O Qe8 8. b3 Qh5 9. d4 c6 10. Ba3 e4 11. Nf4 Qh6 12. h4 g5 13. hxg5 Qxg5 14. Nce2 h5 15. Nh3 Qh6 16. Nef4 Ng4 17. d5 c5 18. Bb2 h4 19. Qd2 hxg3 20. fxg3 Bf6 21. b4 b6 22. Rae1 Na6 23. Bxf6 Rxf6 24. b5 Nc7 25. a4 a5 26. bxa6 Nxa6 27. a5 Nb4 28. axb6 Ra2 29. Qc3 1-0


[Site "https://www.chess.com"]

[Event "Titled Tuesday Blitz April 11 Late 2023"]
[White "Gonzalez Zamora, Juan Carlos"]
[Black "Oliveira, Tiago Batista"]
[WhiteFideId "3507548"]
[BlackFideId "2108291"]
[WhiteElo "2535"]
[BlackElo "1962"]
[Result "1-0"]
[Round "07"]
[TimeControl "180+2"]
[Date "2023.04.11"]
[WhiteClock "0:00:54"]
[BlackClock "0:00:12"]

1. e4 c5 2. Nf3 Nc6 3. Bb5 d6 4. d4 cxd4 5. Qxd4 Bd7 6. Bxc6 bxc6 7. c4 Qb6 8. Qd3 g6 9. Nc3 Bg7 10. O-O Nf6 11. Rb1 O-O 12. b3 Rfd8 13. Bb2 a5 14. h3 Qb7 15. Rfd1 Rab8 16. Ba1 Qa8 17. Qe3 Ne8 18. Rbc1 e5 19. c5 dxc5 20. Na4 Be6 21. Nxc5 Nc7 22. Bxe5 Rxd1+ 23. Rxd1 Rd8 24. Rxd8+ Qxd8 25. Bxc7 Qxc7 26. Nxe6 fxe6 27. Qc5 Bf8 28. Qc4 Qd6 29. Nd4 Kf7 30. Nxc6 Qd1+ 31. Kh2 Bd6+ 32. e5 Bc7 33. Qf4+ Ke8 34. Qf6 Qd7 35. Qh8+ Kf7 36. Qxh7+ Ke8 37. Qg8# 1-0


[Site "https://www.chess.com"]

[Event "Titled Tuesday Blitz April 11 Late 2023"]
[White "Hartikainen, Jarmo"]
[Black "Stanisz, Patryk"]
[WhiteFideId "503134"]
[BlackFideId "1123106"]
[WhiteElo "2108"]
[BlackElo "2069"]
[Result "1-0"]
[Round "07"]
[TimeControl "180+2"]
[Date "2023.04.11"]
[WhiteClock "0:00:15"]
[BlackClock "0:00:54"]

1. e4 c5 2. c3 Nf6 3. e5 Nd5 4. d4 cxd4 5. Nf3 Nc6 6. cxd4 d6 7. Nc3 Nxc3 8. bxc3 d5 9. Bd3 Bg4 10. h3 Bxf3 11. Qxf3 e6 12. O-O Be7 13. Rb1 Rb8 14. Qg3 g6 15. Bh6 Bf8 16. Bxf8 Kxf8 17. h4 Ne7 18. h5 gxh5 19. Qh4 Ng6 20. Qxd8+ Rxd8 21. Rxb7 Ra8 22. Rfb1 Kg7 23. Rc7 Rhc8 24. Rbb7 Rxc7 25. Rxc7 Nf4 26. Bb5 a6 27. Bc6 Ne2+ 28. Kf1 Rb8 29. Kxe2 Rb2+ 30. Ke3 Rxa2 31. Be8 a5 32. Rxf7+ Kg8 33. Ra7 Ra3 34. Kd3 Ra2 35. Bxh5 a4 36. c4 Ra3+ 37. Kc2 dxc4 38. d5 exd5 39. e6 Rb3 40. e7 Rb8 41. e8=Q+ Rxe8 42. Bxe8 d4 43. Bxa4 1-0


[Site "https://www.chess.com"]

[Event "Titled Tuesday Blitz April 11 Late 2023"]
[White "Souza Santos, Carlos Roberto"]
[Black "Svicevic, Rastko"]
[WhiteFideId "2150603"]
[BlackFideId "916315"]
[WhiteElo "2064"]
[BlackElo "2071"]
[Result "1-0"]
[Round "07"]
[TimeControl "180+2"]
[Date "2023.04.11"]
[WhiteClock "0:02:33"]
[BlackClock "0:01:32"]

1. d4 d5 2. Bf4 e6 3. e3 c6 4. c3 Bd6 5. Bg3 Ne7 6. Nd2 Nf5 7. Bd3 Nxg3 8. hxg3 Nd7 9. f4 f5 10. Ngf3 Nf6 11. Ne5 Bxe5 12. dxe5 Ne4 13. Nxe4 dxe4 14. Bc4 Qe7 15. Qd2 O-O 16. O-O-O b5 17. Bb3 a5 18. Qd6 Qxd6 19. Rxd6 a4 20. Bxe6+ 1-0


[Site "https://www.chess.com"]

[Event "Titled Tuesday Blitz April 11 Late 2023"]
[White "Dahlgren, James Allen"]
[Black "Vargas, Mauricio"]
[WhiteFideId "22256873"]
[BlackFideId "4404572"]
[WhiteElo "1824"]
[BlackElo "1998"]
[Result "1-0"]
[Round "07"]
[TimeControl "180+2"]
[Date "2023.04.11"]
[WhiteClock "0:00:40"]
[BlackClock "0:00:30"]

1. e4 c5 2. Nc3 Nc6 3. Nf3 d6 4. d4 cxd4 5. Nxd4 a6 6. Be3 g6 7. Be2 Bg7 8. O-O Nf6 9. f4 O-O 10. h3 Bd7 11. Bf3 Qc8 12. Qd2 b5 13. Rae1 b4 14. Nd5 Re8 15. Rf2 a5 16. Kh2 Qb8 17. g4 e6 18. Nxf6+ Bxf6 19. Rd1 e5 20. Nxc6 Bxc6 21. Qxd6 Re6 22. Qxb8+ Rxb8 23. f5 gxf5 24. gxf5 Re7 25. Rd6 Bh4 26. Rg2+ Kf8 27. Bh6+ Ke8 28. Rg8# 1-0


[Site "https://www.chess.com"]

[Event "Titled Tuesday Blitz April 11 Late 2023"]
[White "Qashashvili, Alexandre"]
[Black "Gabriel, Robert"]
[WhiteFideId "13600842"]
[BlackFideId "4606477"]
[WhiteElo "2405"]
[BlackElo "2203"]
[Result "1-0"]
[Round "07"]
[TimeControl "180+2"]
[Date "2023.04.11"]
[WhiteClock "0:00:12"]
[BlackClock "0:00:04"]

1. e4 c5 2. Nc3 e6 3. Nf3 Nc6 4. Be2 a6 5. a4 Qc7 6. O-O Nf6 7. h3 Be7 8. Re1 O-O 9. b3 d5 10. exd5 exd5 11. d4 cxd4 12. Nxd4 Nxd4 13. Qxd4 Bc5 14. Nxd5 Bxd4 15. Nxc7 Rb8 16. Ba3 Rd8 17. Rad1 Bf5 18. c4 Be5 19. Nd5 Nxd5 20. Rxd5 Rxd5 21. cxd5 f6 22. Bc4 Kf7 23. d6+ Kg6 24. a5 Rd8 25. Rd1 Bd7 26. Bc5 Bc6 27. Bb6 Rxd6 28. Bd3+ Kf7 29. Kf1 g6 30. Bc4+ Kg7 31. Rc1 Rd2 32. Be3 Rb2 33. Rd1 h5 34. Rd8 f5 35. Bg5 1-0


[Site "https://www.chess.com"]

[Event "Titled Tuesday Blitz April 11 Late 2023"]
[White "Silva, Pedro Gil Ferreira Da"]
[Black "Joubert, Dantelle"]
[WhiteFideId "1946102"]
[BlackFideId "14310813"]
[WhiteElo "2255"]
[BlackElo "1507"]
[Result "1-0"]
[Round "07"]
[TimeControl "180+2"]
[Date "2023.04.11"]
[WhiteClock "0:00:41"]
[BlackClock "0:00:02"]

1. Nf3 Nf6 2. g3 e6 3. Bg2 d5 4. O-O Be7 5. d3 O-O 6. b3 c5 7. Bb2 Nc6 8. Nbd2 b6 9. e4 Bb7 10. Re1 Qc7 11. Qe2 Rfe8 12. c3 Ba6 13. c4 Nb4 14. Rec1 dxc4 15. Nxc4 Rad8 16. Rd1 Nc6 17. Rac1 b5 18. Nce5 Nxe5 19. Nxe5 Nd7 20. Nxd7 Rxd7 21. Qg4 Bf8 22. d4 Red8 23. d5 exd5 24. exd5 Bb7 25. d6 Qb6 26. Bxb7 Qxb7 27. Rxc5 Rxd6 28. Rxd6 Rxd6 29. Rc1 Qd7 30. Qxd7 Rxd7 31. Rc8 f5 32. Ba3 Rf7 33. Bc5 g6 34. Kg2 Kg7 35. Bd4+ Kg8 36. Ra8 Rd7 37. Bc5 Rf7 38. Bxa7 Rxa7 39. Rxa7 1-0


[Site "https://www.chess.com"]

[Event "Titled Tuesday Blitz April 11 Late 2023"]
[White "Sanchez, Robert"]
[Black "Marin Masis, Jose Esteban"]
[WhiteFideId "2034360"]
[BlackFideId "6508146"]
[WhiteElo "1966"]
[BlackElo "1838"]
[Result "0-1"]
[Round "07"]
[TimeControl "180+2"]
[Date "2023.04.11"]
[WhiteClock "0:01:25"]
[BlackClock "0:00:17"]

1. e4 c5 2. Nf3 Nc6 3. d4 cxd4 4. Nxd4 e5 5. Nb5 d6 6. N1c3 a6 7. Na3 Nf6 8. Bg5 Be7 9. Bxf6 Bxf6 10. Nd5 Bg5 11. Be2 O-O 12. O-O f5 13. Bf3 Nd4 14. c3 Nxf3+ 15. Qxf3 Be6 16. Rfd1 Rc8 17. Qd3 fxe4 18. Qxe4 Bf5 19. Qb4 b5 20. Ne3 Bxe3 21. fxe3 Qb6 22. Rxd6 Qxe3+ 23. Kh1 Be4 24. Rg1 Bxg2+ 25. Rxg2 Rf1+ 26. Rg1 Qf3# 0-1


[Site "https://www.chess.com"]

[Event "Titled Tuesday Blitz April 11 Late 2023"]
[White "Paravyan, David"]
[Black "Caruana, Fabiano"]
[WhiteFideId "4194985"]
[BlackFideId "2020009"]
[WhiteElo "2563"]
[BlackElo "2837"]
[Result "0-1"]
[Round "08"]
[TimeControl "180+2"]
[Date "2023.04.11"]
[WhiteClock "0:00:02"]
[BlackClock "0:00:20"]

1. Nf3 d5 2. g3 c5 3. Bg2 g6 4. O-O Bg7 5. c4 Nf6 6. cxd5 Nxd5 7. d4 cxd4 8. Nxd4 O-O 9. Nc3 Nxc3 10. bxc3 Nc6 11. Nxc6 bxc6 12. Qa4 Bd7 13. Be3 Qc7 14. Bd4 c5 15. Qc4 Rac8 16. Bxg7 Kxg7 17. Rfd1 Rfd8 18. Bd5 Be8 19. Rab1 Qe5 20. Bf3 Rxd1+ 21. Rxd1 e6 22. Kg2 Rb8 23. Rd2 Bb5 24. Qf4 Qxf4 25. gxf4 Kf6 26. Kg3 Ke7 27. Rb2 Rb6 28. e3 Kd6 29. h4 h5 30. e4 Kc7 31. f5 e5 32. fxg6 fxg6 33. Rd2 Bc4 34. Bd1 Rb1 35. f4 Rc1 36. fxe5 Rxc3+ 37. Kf4 Rd3 38. Rc2 Rd4 39. Bf3 Kc6 40. Kg5 Bd3 41. Rd2 c4 42. e6 c3 43. e5+ Kc7 44. Rd1 c2 45. Rc1 Kd8 0-1


[Site "https://www.chess.com"]

[Event "Titled Tuesday Blitz April 11 Late 2023"]
[White "Hakobyan, Aram"]
[Black "Lazavik, Denis"]
[WhiteFideId "13306677"]
[BlackFideId "13515110"]
[WhiteElo "2584"]
[BlackElo "2560"]
[Result "1-0"]
[Round "08"]
[TimeControl "180+2"]
[Date "2023.04.11"]
[WhiteClock "0:01:16"]
[BlackClock "0:00:08"]

1. d4 Nf6 2. c4 e6 3. Nc3 Bb4 4. e3 O-O 5. a3 Bxc3+ 6. bxc3 c5 7. Ne2 Nc6 8. Ng3 d6 9. Ra2 e5 10. d5 Ne7 11. e4 Ng6 12. Bd3 Nf4 13. O-O Qe7 14. Bb1 Ng6 15. f3 h6 16. Raf2 Bd7 17. Nf5 Bxf5 18. exf5 Nh8 19. f4 exf4 20. Bxf4 Nh7 21. Re2 Qf6 22. Qe1 a6 23. a4 Rab8 24. Bd3 Rbd8 25. h4 h5 26. Rf3 Rd7 27. Rg3 Qd8 28. Bh6 f6 29. Re6 Qc7 30. Qe2 Rff7 31. Qxh5 Nf8 32. Bf4 Qd8 33. Qg4 Rfe7 34. h5 Rxe6 35. fxe6 Re7 36. Qf5 Rc7 37. Rg4 Qe7 38. Bg3 Rc8 39. Bh4 1-0


[Site "https://www.chess.com"]